 Dungeon Crawl Stone Soup version 0.19-a0-1827-g174f941 (webtiles) character file.

380 Kingduke777 the Conjurer (level 6, -5/32 HPs)
             Began as a Deep Elf Conjurer on Oct 7, 2016.
             Slain by VonBacon's ghost (18 damage)
             ... on level 4 of the Dungeon.
             The game lasted 00:11:47 (3778 turns).

Kingduke777 the Conjurer (Deep Elf Conjurer)        Turns: 3778, Time: 00:11:47

Health: -5/32      AC:  3    Str:  5    XL:     6   Next: 46%
Magic:  7/15       EV: 13    Int: 22    God:
Gold:   224        SH:  0    Dex: 15    Spells: 4 memorised, 2 levels left

rFire  . . .     SeeInvis .     r - +0 short sword
rCold  . . .     Gourm    .     a - +1 robe
rNeg   . . .     Faith    .     (no shield)
rPois  .         Spirit   .     (no helmet)
rElec  .         Dismiss  .     (no cloak)
rCorr  .         Reflect  .     (no gloves)
MR     .....     Harm     .     (no boots)
Stlth  ++........               (no amulet)
                                (no ring)
                                (no ring)

@: very slightly contaminated
A: no striking features
a: no special abilities


You were on level 4 of the Dungeon.
You were not hungry.

You visited 1 branch of the dungeon, and saw 4 of its levels.
You also visited: Ossuary.

You collected 224 gold pieces.

Inventory:

Hand Weapons
 r - a +0 short sword (weapon)
Missiles
 u - 2 throwing nets (quivered)
Armour
 a - a +1 robe (worn)
Wands
 x - a wand of flame (32/48)
Scrolls
 k - a scroll of amnesia
 p - 4 scrolls of remove curse
 v - 2 scrolls of enchant armour
Potions
 d - a potion of magic
 e - a potion of resistance
 g - a potion of heal wounds
 j - 2 potions of berserk rage
 l - 2 potions of curing {unknown}
 m - a potion of experience
 o - a potion of invisibility
 t - a potion of beneficial mutation {unknown}
 w - a potion of degeneration {unknown}
Books
 b - a book of Conjurations

   Spells                             Type                      Level
   a - Magic Dart                     Conjuration                  1
   b - Searing Ray                    Conjuration                  2
   c - Dazzling Spray                 Conjuration/Hexes            3
   d - Fulminant Prism                Conjuration/Hexes            4
   e - Iskenderun's Mystic Blast      Conjuration                  4
   f - Iskenderun's Battlesphere      Conjuration/Charms           5
Comestibles
 c - 3 bread rations
 f - 6 fruits
 h - a slice of pizza
 n - a beef jerky
 s - a meat ration


   Skills:
 - Level 2.4 Dodging
 - Level 2.4 Stealth
 + Level 4.9 Spellcasting
 * Level 7.2 Conjurations
 - Level 3.0 Hexes
 + Level 1.9 Charms


You had 2 spell levels left.
You knew the following spells:

 Your Spells              Type           Power        Failure   Level  Hunger
a - Magic Dart            Conj           ####         1%          1    None
b - Searing Ray           Conj           #####.       1%          2    None
c - Fulminant Prism       Conj/Hex       ####......   14%         4    ####...
d - Iskenderun's Battles  Conj/Chrm      ####....     50%         5    #####..


Dungeon Overview and Level Annotations

Branches:
Dungeon (4/15)
 Temple: D:4-7

Altars:
Dithmenos

Annotations:
D:4 VonBacon's ghost, novice FoFi


Message History

VonBacon's ghost turns its malevolent gaze towards you.
Casting: Fulminant Prism
Confirm with . or Enter, or press ? or * to list all spells.
Aiming: Searing Ray
Press: ? - help, Shift-Dir - straight line, f - VonBacon's ghost
Aim: VonBacon's ghost The searing ray hits VonBacon's ghost.
VonBacon's ghost is lightly damaged.
VonBacon's ghost hits you!
The searing ray hits VonBacon's ghost.
VonBacon's ghost is lightly damaged.
VonBacon's ghost misses you.
The searing ray hits VonBacon's ghost.
VonBacon's ghost is lightly damaged.
VonBacon's ghost hits you!
The searing ray hits VonBacon's ghost.
VonBacon's ghost is lightly damaged.
You finish channeling your searing ray.
VonBacon's ghost hits you!!
Ouch! That really hurt!
You die...

#...## .## #..>.#
...#. #....# ...#.
.....
#....#....#........
#....#....'. ......
#....'..>.#. ......
#....#.. #........
#..W##.####.##...#
#.@.##...........##
#........###......#
#........#.#......#
#......###.###....#
#....#.'.....#.####
######.###.###.# #
#...#.#...#...
#...###.......
#.........+...


You could see VonBacon's ghost.

Vanquished Creatures
  An ogre (D:3)
  Natasha (thrice) (D:2)
  Ijyb (D:2)
  8 big kobold zombies (Ossuary)
  An adder (D:2)
  2 worms (D:2)
  2 dart slugs
  A leopard gecko (D:1)
  5 giant cockroaches
  4 goblins
  3 hobgoblins
  4 jackals (D:1)
  A quokka (D:2)
  4 bats
  4 bat simulacra (Ossuary)
  4 gnoll zombies (Ossuary)
  A goblin zombie (Ossuary)
  5 hobgoblin zombies (Ossuary)
  8 kobolds
  2 kobold simulacra (Ossuary)
  6 kobold zombies (Ossuary)
  4 orc zombies (Ossuary)
  8 rats
  3 rat simulacra (Ossuary)
  5 spectral goblins (Ossuary)
  3 spectral kobolds (Ossuary)
  A spectral rat (Ossuary)
94 creatures vanquished.

Vanquished Creatures (others)
  A mummy (Ossuary)
  A goblin simulacrum (Ossuary)
  A goblin zombie (Ossuary)
  A kobold zombie (Ossuary)
  A rat simulacrum (Ossuary)
  4 fulminant prisms
9 creatures vanquished.

Grand Total: 103 creatures vanquished

Notes
Turn   | Place    | Note
-------+----------+-------------------------------------------
     0 | D:1      | Kingduke777 the Deep Elf Conjurer began the quest for the Orb.
     0 | D:1      | Reached XP level 1. HP: 10/10 MP: 6/6
   161 | D:1      | Reached XP level 2. HP: 15/15 MP: 2/8
   175 | D:1      | Learned a level 2 spell: Searing Ray
   454 | D:1      | You fall through a shaft!
   475 | D:2      | Reached skill level 5 in Conjurations
   550 | D:2      | Reached XP level 3. HP: 19/19 MP: 7/10
   709 | D:2      | Noticed Natasha
   714 | D:2      | Killed Natasha
  1037 | D:1      | Reached XP level 4. HP: 24/24 MP: 9/12
  1133 | D:1      | Learned a level 4 spell: Fulminant Prism
  1413 | D:2      | Noticed Natasha
  1416 | D:2      | Noticed Ijyb
  1425 | D:2      | Killed Natasha
  1425 | D:2      | Reached skill level 1 in Hexes
  1477 | D:2      | Killed Ijyb
  1597 | D:2      | Noticed Natasha
  1603 | D:2      | Killed Natasha
  1603 | D:2      | Reached skill level 6 in Conjurations
  1603 | D:2      | Reached XP level 5. HP: 28/28 MP: 6/13
  1875 | D:3      | Noticed an ogre
  1890 | D:3      | Killed an ogre
  1994 | D:3      | Learned a level 5 spell: Iskenderun's Battlesphere
  2145 | D:3      | Found a faded altar of an unknown god.
  2304 | D:3      | Found a shadowy altar of Dithmenos.
  2411 | D:4      | Noticed VonBacon's ghost (novice FoFi)
  2429 | D:4      | Found a sand-covered staircase.
  2438 | Ossuary  | Entered an ossuary
  2719 | Ossuary  | Reached XP level 6. HP: 32/32 MP: 8/14
  3099 | Ossuary  | Reached skill level 7 in Conjurations
  3118 | Ossuary  | Reached skill level 1 in Charms
  3778 | D:4      | Slain by VonBacon's ghost

Vault maps used:
D:1:      minmay_arrival_four_circles, minivault_5, nrook_uturn
D:2:      first_bread, uniq_natasha, uniq_iyjb
D:3:      ecumenical_altar_1, nicolae_dithmenos_through_a_glass_darkly
D:4:      nicolae_ossuary_entry_plus, kennysheep_generic_room_8, uniq_edmund
Ossuary:  ossuary_zaba_two_paths

Skill      XL: |  1  2  3  4  5  6 |
---------------+-------------------+-----
Conjurations   | 5 6 7 |  7.2
Spellcasting   | 4 |  4.9
Hexes          | 2 3 |  3.0
Charms         | 1 |  1.9
Dodging        | |  2.4
Stealth        | |  2.4

Action                   |  1- 3 |  4- 6 || total
-------------------------+-------+-------++-------
Melee: Unarmed           |     1 |       ||     1
       Short sword       |       |     2 ||     2
 Cast: Magic Dart        |    38 |   112 ||   150
       Searing Ray       |     3 |    17 ||    20
       Fulminant Prism   |       |     4 ||     4
  Use: Scroll            |       |    13 ||    13
  Eat: Chunk             |       |     5 ||     5
       Fruit             |       |     2 ||     2
       Meat ration       |       |     1 ||     1
Armor: Robe              |     1 |     8 ||     9
Dodge: Dodged            |     6 |    39 ||    45
